AoeStats
← t_ttieshotsonly

Arabia

509539062Analyzed
4v4 RM · 5d ago on Sep 27, 2026· 73m 9s· 8 players
Game mode
Random Map
Map size
Large (8 player)
Population
200
Speed
Normal
Resources
Standard
Victory
Conquest
Starting age
Dark Age
Ending age
Imperial Age
RankedLock teamsTeams togetherTeam positionsShared explorationLock speedFull tech treeHidden civsTurbo modeCheats
Victory
Defeat
🇨🇦 Bohemians · Canada
738
+20
🇨🇦 Britons · Canada
612
+24
🇨🇳 Franks · China
576
+25
🇳🇿 Aztecs · New Zealand
523
+26
🇺🇸 Saxons · United States
918
-27
🇺🇸 Lithuanians · United States
866
-26
🇺🇸 Inca · United States
863
-26
🇺🇸 Varangians · United States
591
-16
owen and marlon
5:10 Loom
13:06 Feudal Age
14:25 Wheelbarrow
16:18 Double-Bit Axe
18:20 Horse Collar
32:59 Castle Age
31:01 Fletching
45:56 Bodkin Arrow
46:12 Forging
50:26 Bow Saw
53:11 Imperial Age
51:25 Town Watch
54:59 Two-Man Saw
54:36 Hand Cart
54:47 Heavy Plow
55:04 Stone Mining
55:28 Gold Mining
56:04 Cranequins
57:48 Ballistics
58:28 Chemistry
57:09 Treadmill Crane
57:40 Masonry
59:57 Yeomen
63:30 Conscription
64:04 Gold Shaft Mining
64:55 Heavy Mounted Crossbowman
64:58 Elite Longbowman
66:33 Bracer
66:35 Padded Archer Armor
66:39 Squires
68:50 Conscription
71:30 Leather Archer Armor
71:53 Iron Casting
71:26 Scale Barding Armor
madagascart
0:40 Loom
11:26 Feudal Age
18:00 Castle Age
16:55 Double-Bit Axe
17:26 Horse Collar
23:14 Fervor
25:31 Town Watch
27:18 Wheelbarrow
30:59 Bow Saw
31:30 Wagenburg Tactics
36:14 Imperial Age
35:34 Chemistry
34:55 Ballistics
35:44 Forging
35:35 Scale Mail Armor
39:30 Elite Hussite Wagon
RICH
6:52 Loom
11:41 Feudal Age
13:42 Double-Bit Axe
17:22 Wheelbarrow
20:26 Scale Barding Armor
20:59 Stone Mining
21:00 Gold Mining
27:55 Castle Age
29:34 Bow Saw
33:39 Imperial Age
31:40 Husbandry
31:09 Light Cavalry
34:52 Hand Cart
34:50 Caravan
34:46 Cavalier
35:27 Husbandry
36:12 Ordonnance Companies
39:10 Paladin
41:05 Gold Shaft Mining
42:12 Chain Barding Armor
42:02 Forging
41:55 Husbandry
42:13 Chivalry
44:56 Plate Barding Armor
44:56 Iron Casting
44:04 Treadmill Crane
44:46 Ballistics
45:28 Chemistry
44:40 Masonry
45:43 Conscription
48:16 Elite Throwing Axeman
Lag
12:19 Feudal Age
12:46 Horse Collar
27:53 Fletching
48:49 Loom
t_ttieshotsonly
2:45 Loom
10:48 Feudal Age
12:58 Double-Bit Axe
12:55 Horse Collar
16:04 Town Watch
20:53 Stone Mining
20:54 Gold Mining
24:48 Castle Age
27:20 Pikeman
27:25 Champi Runner
28:29 Fortified Wall
31:26 Heavy Plow
31:36 Bow Saw
32:03 Gold Shaft Mining
34:03 Thumb Ring
33:37 Elite Skirmisher
33:38 Crossbowman
38:31 Imperial Age
36:41 Wheelbarrow
37:43 Hand Cart
37:13 Champi Warrior
37:56 Squires
39:27 Ballistics
40:04 Elite Champi Warrior
42:44 Halberdier
47:31 Andean Sling
47:32 Fabric Shields
48:17 Conscription
48:28 Fletching
49:48 Chemistry
50:30 Arbalester
51:28 Siege Engineers
52:50 Bodkin Arrow
CuddlingPenguin
7:18 Loom
10:39 Feudal Age
12:34 Double-Bit Axe
26:26 Castle Age
26:49 Crossbowman
27:35 Thumb Ring
27:24 Fletching
27:35 Padded Archer Armor
28:28 Pikeman
29:09 Squires
29:22 Bodkin Arrow
29:43 Leather Archer Armor
33:57 Horse Collar
34:29 Bow Saw
35:26 Murder Holes
40:57 Imperial Age
42:20 Bracer
42:50 Ring Archer Armor
44:37 Chemistry
45:03 Caravan
45:49 Ballistics
56:37 Redemption
56:43 Block Printing
56:51 Sanctity
57:00 Illumination
58:01 Two-Man Saw
57:56 Clerical Recruitment
58:57 Conscription
60:16 Theocracy
61:47 Gold Mining
65:20 Arbalester
Dilldozer101
11:08 Feudal Age
14:56 Bloodlines
15:52 Loom
20:23 Forging
25:00 Castle Age
24:16 Double-Bit Axe
24:13 Horse Collar
32:47 Husbandry
35:34 Iron Casting
35:05 Scale Barding Armor
35:16 Pikeman
41:14 Chain Barding Armor
41:07 Bow Saw
46:23 Imperial Age
43:54 Gold Mining
47:20 Cavalier
49:50 Plate Barding Armor
51:21 Onager
53:28 Light Cavalry
54:58 Winged Hussar
60:33 Heavy Plow
61:37 Two-Man Saw
67:05 Conscription
ruderb13
13:30 Feudal Age
14:25 Horse Collar
14:42 Stone Mining
18:54 Double-Bit Axe
22:10 Gold Mining
27:19 Castle Age
33:12 Bloodlines
33:07 Husbandry
34:44 Bow Saw
34:39 Heavy Plow
37:16 Stone Shaft Mining
39:11 Elite Skirmisher
49:17 Scale Barding Armor
49:26 Forging
49:07 Fletching
49:18 Padded Archer Armor
49:19 Scale Mail Armor
49:47 Ballistics
49:18 Heated Shot
54:25 Imperial Age
61:03 Crop Rotation
60:51 Fortified Wall
60:38 Murder Holes
61:44 Chemistry
60:37 Guard Tower
61:00 Masonry
60:58 Siege Engineers
60:36 Treadmill Crane
60:43 Elite Jarl
61:13 Cavalier
Connection lost

Rejoining the realm…

Still unreachable

The connection could not be restored.

Session expired

The server has moved on; the page needs a fresh start.